woodfighter, lawful female dwarven Priestess -.... ....... ....... -------...... |.u).)|%[.... |....@D@@..... | |...))|%...... |..)..|..%[... |..-)----.)... |..|....|..... |..|.[^.|.... -----------. woodfighter the Priestess Experience level: 12 Strength: 18/06 Dexterity: 16 Constitution: 19 Intelligence: 16 Wisdom: 8 Charisma: 9 Health: 0(111) Energy: 56(56) Def: 15 Gold: 214 Moves: 18160 Dungeon seed: w_Ob66zTK9fMHn5E Game ID: woodfighter_1553980377 Your Inventory: Coins $ - 214 gold pieces Amulets S - an amulet of reflection (being worn) Weapons a - a blessed +5 mace (weapon in hand) m - 5 blessed +4 spears named Spear of Redress (in quiver) Armor e - a rotted +0 robe (being worn) n - a blessed +2 orcish helm (being worn) o - a blessed +0 leather armor (being worn) r - a blessed +1 mummy wrapping v - a blessed +2 small shield (being worn) z - a +0 pair of jumping boots (being worn) F - a +0 pair of leather gloves (being worn) Y - a +0 pair of leather gloves Comestibles p - a K-ration L - a sprig of wolfsbane X - 3 food rations Z - a lizard corpse Scrolls b - a scroll of blank paper c - 2 blessed scrolls of blank paper i - a cursed scroll of blank paper k - a blessed scroll of teleportation H - 2 scrolls of create monster Potions j - a cursed potion of extra healing s - a potion of full healing t - 5 potions of oil O - a cursed potion of oil Rings l - a +1 ring of increase damage (on left hand) E - a ring of searching (on right hand) U - a cursed ring of polymorph Wands d - a wand of lightning (0:7) f - a wand of digging (0:7) g - a wand of fire (0:5) h - a wand of teleportation (0:4) x - a wand of sleep (0:7) B - a blessed wand of sleep (0:5) D - a wand of sleep (0:0) I - a wand of magic missile (0:6) K - a wand of striking (0:0) M - a wand of magic missile (0:3) P - a wand of striking (0:5) Q - a wand of magic missile (0:4) T - a wand of cold (0:3) V - a wand of magic missile (0:0) Tools q - a +0 unicorn horn w - a magic whistle y - a skeleton key C - a blessed oil lamp (lit) (0:848) G - a stethoscope R - a +0 pick-axe W - a towel Gems N - a luckstone Spells and supernatural/magical abilities: Name Level Category Fail Memory l - light 1 divination 0% 10% n - detect monsters 1 divination 0% 10% O - create monster 2 clerical 0% 10% S - stone to flesh 3 healing 71% 16% W - pray for help -- divine ? -- X - turn undead -- divine ? -- Y - supernatural jump -- ability ? -- Your skills at the end: Miscellaneous Skills shield [Skilled] wands [Basic] Weapon Skills pick-axe [Basic] mace [Expert] Spellcasting Skills clerical spells [Basic] Final Attributes: You were piously aligned. You were cold resistant. You were sleep resistant. Your writing hand was ok. You had automatic searching. You had infravision. You could jump. You had a +1 damage bonus. You were protected. You were fast. You had reflection. You were lucky. You had extra luck. Bad luck did not time out for you. Good luck did not time out for you. You are dead. Vanquished creatures: a young black dragon 2 young yellow dragons a guard a nurse a vampire 6 ghosts a lieutenant 4 giant mimics 2 ogre kings 2 large mimics a wumpus a stalker an air elemental an earth elemental 2 giant mummies 7 sergeants a quantum mechanic 4 small mimics a glass piercer a warhorse 2 xans 3 ettin mummies 2 ogre lords a wood golem a pyrolisk 3 large dogs a tengu an ochre jelly a chameleon 2 leocrottas 2 elf mummies 4 Grey-elves a python a cobra 9 wraiths an ettin zombie a leather golem 73 soldiers 2 succubi an incubus 6 giant beetles 6 wolves a winter wolf cub a black light 2 lynxes 2 leprechauns a quivering blob 3 lizards a mountain nymph 2 giant spiders a scorpion 2 ice vortices 2 vampire bats 2 orc mummies a dwarf mummy an owlbear 2 yetis 4 dingos 2 housecats 5 blue jellies a gray unicorn a black unicorn a dust vortex 6 ravens a plains centaur 2 snakes 4 apes 16 human zombies 3 soldier ants 3 yellow lights a bugbear a baby crocodile a wood nymph 13 Mordor orcs 6 Uruk-hai 12 orc shamans 4 rock moles 2 rock piercers 2 ponies 2 fog clouds a shrieker a violet fungus 2 red naga hatchlings a black naga hatchling 8 elf zombies a ghoul 2 straw golems 4 paper golems 4 giant ants 5 puppies 3 floating eyes 3 kittens a dwarf 8 homunculi 3 quasits 2 kobold lords 4 kobold shamans 8 iguanas 18 hill orcs 7 rothes a rabid rat a centipede 5 jitterbugs 7 giant bats 10 orc zombies 5 dwarf zombies 11 killer bees a coyote 3 gas spores 3 hobbits 2 acid blobs 3 large kobolds 9 geckos 8 hobgoblins 4 giant rats 9 cave spiders a brown mold 3 yellow molds 3 green molds 4 red molds 13 gnomes a garter snake 17 manes 4 gnome zombies 10 jackals a fox a kobold 7 newts 11 goblins 10 sewer rats 9 grid bugs 3 bats 8 lichens 3 kobold zombies 559 creatures vanquished. Voluntary challenges: You were not invisible. You were not displaced. You had been an atheist until turn 11342. You used a wielded weapon 854 times, starting on turn 31. You did not use plumbed fixtures. You read items or engraved 7 times, starting on turn 1316. You never genocided any monsters. You never polymorphed an object. You never changed form. You completed Sokoban on turn 8400, according to the rules. You used no wishes. You never split a pudding. You never wrote Elbereth's name. You violated your moral code, losing 3 points of alignment, starting on turn 16920. Dungeon overview: The Dungeons of Doom: levels 1 to 18 Level 1 a fountain a long staircase Level 2 Level 3 a general store, a sink stairs to The Gnomish Mines Level 4 some fountains Level 5 (vault) a general store Level 6 Level 7 Level 8 many fountains Level 9 (water) a fountain stairs to Sokoban Level 10 Level 11 Level 12 an altar to Mog, a fountain Level 13 Level 14 some fountains, a sink Level 15 (quest) an armor shop, a fountain portal to The Quest Level 16 (rogue) Level 17 a temple to Kos, a fountain portal to Fort Ludios Level 18 The Gnomish Mines: levels 4 to 11 Level 4 stairs to The Dungeons of Doom Level 5 Level 6 Level 7 many shops, a temple to Kos, a magic chest, some fountains Level 8 Level 9 Level 10 Level 11 (object detection?) many altars to Moloch, a magic chest, some fountains The Quest: Level 1 a temple to Moloch, a magic chest portal to The Dungeons of Doom Sokoban: levels 5 to 8 Level 5 a magic chest Level 6 Level 7 Level 8 a magic chest stairs to The Dungeons of Doom Fort Ludios: Level 1 <- You were here portal to The Dungeons of Doom History has recorded: On T:1 you entered the Dungeons of Doom to retrieve the Amulet of Yendor! On T:350 you reached level 2 of The Dungeons of Doom. On T:454 you advanced to experience level 2. On T:513 you reached level 3 of The Dungeons of Doom. On T:926 you advanced to experience level 3. On T:1219 you reached level 1 of The Gnomish Mines. On T:1276 you reached level 4 of The Dungeons of Doom. On T:1621 you reached level 5 of The Dungeons of Doom. On T:1970 you advanced to experience level 4. On T:2002 you reached level 6 of The Dungeons of Doom. On T:2316 you advanced to experience level 5. On T:2738 you advanced to experience level 6. On T:2748 you reached level 7 of The Dungeons of Doom. On T:3495 you reached level 8 of The Dungeons of Doom. On T:3712 you reached level 9 of The Dungeons of Doom. On T:4430 you advanced to experience level 7. On T:4519 you reached level 4 of Sokoban. On T:4664 you opened a magic chest. On T:5157 you reached level 3 of Sokoban. On T:6092 you reached level 2 of Sokoban. On T:7198 you reached level 1 of Sokoban. On T:8400 you advanced to experience level 8. On T:8400 you entered the Sokoban zoo. On T:9337 you reached level 2 of The Gnomish Mines. On T:9538 you reached level 3 of The Gnomish Mines. On T:10453 you reached level 4 of The Gnomish Mines. On T:11338 you entered the Minetown temple On T:11510 you reached level 5 of The Gnomish Mines. On T:11537 you prayed to Issek. On T:11763 you reached level 6 of The Gnomish Mines. On T:11919 you reached level 7 of The Gnomish Mines. On T:12036 you reached level 8 of The Gnomish Mines. On T:12036 you reached the bottom of the Mines. On T:12333 you advanced to experience level 9. On T:13578 you reached level 10 of The Dungeons of Doom. On T:13882 you reached level 11 of The Dungeons of Doom. On T:14046 you reached level 12 of The Dungeons of Doom. On T:14353 you reached level 13 of The Dungeons of Doom. On T:14431 you reached level 14 of The Dungeons of Doom. On T:14483 you advanced to experience level 10. On T:15249 you reached level 15 of The Dungeons of Doom. On T:15942 you reached level 16 of The Dungeons of Doom. On T:15942 you entered the Rogue tribute level. On T:16377 you reached level 17 of The Dungeons of Doom. On T:16669 you reached level 18 of The Dungeons of Doom. On T:16691 you reached Fort Ludios. On T:16752 you advanced to experience level 11. On T:16801 you advanced to experience level 12. On T:16947 you prayed to Issek. On T:17504 you reached level 1 of The Quest. On T:17993 you prayed to Issek. Score breakdown: Gold: 214 ( 21 points) Experience: 12 levels ( 1100 points) Exploration: 20 levels ( 570 points) Discoveries: 44 items ( 2000 points) Variety of kills: 134 monsters ( 2000 points) Major goal: Sokoban/Mines ( 1500 points) Survival: died (score multiplied by 3) Total score: 21573 Latest messages: The soldier picks up a spear. You hit the soldier! The soldier picks up a pair of walking shoes. The soldier puts on a pair of walking shoes. The soldier throws a spear! The spear hits the soldier! You hit the soldier! You kill the soldier! The soldier picks up a pronged polearm. The soldier throws a spear! The spear hits the soldier! You hit the soldier! The horse moves only reluctantly. You hit the soldier! You kill the soldier! The horse picks up a pronged polearm. You hit the young green dragon! (2x) The young green dragon bites! The young green dragon claws you! (2x) The soldier throws a spear! The spear hits the young green dragon! You hear a sceptre pounded in judgment. You hit the young green dragon! The horse drops a pronged polearm. The young green dragon bites! The young green dragon claws you! You die... Final status: Goodbye woodfighter the Priestess, killed by a young green dragon... You died in Fort Ludios with 21573 points, and 214 pieces of gold, after 18160 moves. You were level 12 with a maximum of 111 hit points when you died.